 Dungeon Crawl Stone Soup version 0.27.0-66-gdc8fb28755 (webtiles) character file.

Game seed: 17061467505968751478

23958 robertstho the Eclecticist (level 13, -38/80 HPs)
             Began as a Djinni Fire Elementalist on Aug 20, 2021.
             Was an Initiate of Gozag.
             Killed from afar by a bog body (52 damage)
             ... with a bolt of cold
             ... on level 4 of the Lair of Beasts.
             The game lasted 00:28:23 (16035 turns).

robertstho the Eclecticist (DjFE)                  Turns: 16035, Time: 00:28:23

Health: -38/80     AC: 10    Str: 14    XL:     13   Next: 39%
Gold:   729        EV: 15    Int: 24    God:    Gozag SH:  0 Dex: 18

rFire    + + .     SeeInvis +   M - +6 war axe of Okawaru's Pride {speed, rPois Int+2 Stlth+}
rCold    x . .     Faith    .   (no shield)
rNeg     . . .     Spirit   .   o - +2 robe {Will+}
rPois    ∞         Reflect  .   a - +0 helmet {SInv}
rElec    .         Harm     .   C - +2 cloak
rCorr    .         Rampage  .   p - +1 pair of gloves
Will     +++..                  (boots unavailable)
Stlth    ++++......             J - amulet "Totebave" {*Slow Regen+ Str+7 Dex+4}
HPRegen  1.23/turn              i - ring of see invisible
MPRegen  0.00/turn              E - ring of willpower

@: flying
A: sickness immunity, fire resistance 2, cold vulnerability 1, float, innate
caster, hp casting, extra vitality 1
a: Renounce Religion, Potion Petition, Call Merchant, Bribe Branch


You were on level 4 of the Lair of Beasts.
You worshipped Gozag.
Gozag was pleased with you.
You visited 3 branches of the dungeon, and saw 15 of its levels.
You also visited: Bailey and Volcano.

You collected 2960 gold pieces.
You spent 737 gold pieces at shops.
You paid 1494 gold pieces to Gozag.

Inventory:

Hand Weapons
 q - a +2 dagger of venom
 G - a +1 short sword of flaming
 M - the +6 war axe of Okawaru's Pride (weapon) {speed, rPois Int+2 Stlth+}
   (You bought it in a shop on level 1 of the Lair of Beasts)

   Attacks with this weapon are significantly faster.
   Int:       It affects your intelligence (+2).
   rPois:     It protects you from poison.
   Stlth:     It makes you more stealthy.
 Q - the +0 halberd of Liobled {vorpal, Int+6}
   (You bought it in a shop on level 1 of the Lair of Beasts)

   It inflicts extra damage upon your enemies.
   Int:       It affects your intelligence (+6).
Missiles
 t - a throwing net
Armour
 a - a +0 helmet of see invisible (worn)
 o - a +2 robe of willpower (worn)
 p - a +1 pair of gloves (worn)
 C - a +2 cloak (worn)
Jewellery
 i - a ring of see invisible (left hand)
 B - an amulet of the acrobat
 E - a ring of willpower (right hand)
 J - the amulet "Totebave" (around neck) {*Slow Regen+ Str+7 Dex+4}
   (You found it on level 10 of the Dungeon)

   [amulet of regeneration]

   Str:       It affects your strength (+7).
   Dex:       It affects your dexterity (+4).
   Regen:     It increases your rate of health regeneration.
   *Slow:     It may slow you when you take damage.
 K - a ring of wizardry
 N - an amulet of regeneration
Wands
 l - a wand of flame (57)
 s - a wand of acid (13)
 y - a wand of charming (10)
 z - a wand of polymorph (19)
 A - a wand of digging (4)
Scrolls
 c - 7 scrolls of teleportation
 d - 2 scrolls of fog
 g - 2 scrolls of vulnerability
 k - 2 scrolls of magic mapping
 r - a scroll of immolation {unknown}
 u - a scroll of enchant weapon
 D - a scroll of silence {unknown}
 F - a scroll of fear {unknown}
 H - 2 scrolls of enchant armour {unknown}
 I - a scroll of blinking {unknown}
 L - 2 scrolls of torment {unknown}
 P - 3 scrolls of identify
Potions
 b - a potion of cancellation
 e - 4 potions of lignification
 f - 2 potions of brilliance
 h - 3 potions of attraction
 j - 5 potions of curing
 m - 6 potions of flight
 n - 2 potions of ambrosia
 v - a potion of berserk rage {unknown}
 w - 2 potions of might {unknown}
 x - 2 potions of mutation
 O - a potion of resistance {unknown}


   Skills:
 + Level 2.6 Fighting
 + Level 1.8 Short Blades
 + Level 5.2 Dodging
 + Level 4.5 Stealth
 * Level 15.2 Spellcasting


You had 8 spell levels left.
You knew the following spells:

 Your Spells              Type           Power      Damage    Failure   Level
a - Foxfire               Conj/Fire      100%       2x1d9     0%          1
b - Conjure Flame         Conj/Fire      74%        6-21      1%          3
c - Inner Flame           Hex/Fire       74%        N/A       1%          3
d - Sticky Flame          Conj/Fire      74%        2d9       1%          4
e - Fireball              Conj/Fire      37%        3d15      1%          5
f - Freeze                Ice            100%       1d11      0%          1
g - Searing Ray           Conj           100%       3d7       0%          2
h - Stone Arrow           Conj/Erth      100%       3d13      1%          3
i - Mephitic Cloud        Conj/Pois/Air  74%        N/A       1%          3
j - Cause Fear            Hex            37%        N/A       1%          4
k - Lightning Bolt        Conj/Air       37%        1d55      1%          5
Your spell library was empty.

Dungeon Overview and Level Annotations

Branches:
Dungeon (11/15)            Temple (1/1) D:5            Lair (2/6) D:10
    Orc (0/2) D:11         Bailey (visited)         Volcano (visited)
  Swamp: Lair:2-4    Shoals: Lair:2-4     Snake: Lair:2-4    Spider: Lair:2-4

Altars:
Cheibriados
Dithmenos
Fedhas
Gozag
Hepliaklqana
Qazlal
Ru
Trog
Uskayaw
Vehumet
Yredelemnul
The Shining One

Shops:
D:6 *   D:11 *   Lair:1 (*


Innate Abilities, Weirdness & Mutations

You are immune to sickness and miasma.
You are immune to poison.
Your flesh is very heat resistant. (rF++)
You are vulnerable to cold. (rC-)
You float through the air rather than walking.
You learn spells naturally, not from books.
Your magical power is your life essence.
You have superior vitality. (+4 HP)


Message History

Press: ? - help, Shift-Dir - straight line The fireball explodes!
The fireball engulfs the bog body!
The bog body resists.
The bog body is lightly damaged.
Unknown command.
Unknown command.
Casting: Fireball (safe; 1% risk of failure)
Confirm with . or Enter, or press ? or * to list all spells.
Aiming: Fireball (safe; 1% risk of failure)
Press: ? - help, Shift-Dir - straight line, f - bog body
Aim: a bog body (lightly damaged)
The fireball explodes!
The fireball engulfs the bog body!
The bog body resists.
The bog body is severely damaged.
Unknown command.
Unknown command.
Casting: Fireball (safe; 1% risk of failure)
Confirm with . or Enter, or press ? or * to list all spells.
Aiming: Fireball (safe; 1% risk of failure)
Press: ? - help, Shift-Dir - straight line, f/p - bog body
Aim: a bog body (severely damaged)
The fireball explodes!
The fireball engulfs the bog body.
The bog body resists.
The bog body is severely damaged.
The bog body casts a spell at you. The bolt of cold hits you!!!
You feel a terrible chill!
Ouch! That really hurt!
* * * LOW HITPOINT WARNING * * *
Unknown command.
Casting: Fireball (safe; 1% risk of failure)
Confirm with . or Enter, or press ? or * to list all spells.
Aiming: Fireball (safe; 1% risk of failure)
Press: ? - help, Shift-Dir - straight line, f/p - bog body
Aim: a bog body (severely damaged)
The fireball explodes!
The fireball engulfs the bog body.
The bog body resists.
The bog body is almost destroyed.
* * * LOW HITPOINT WARNING * * *
You hear a loud, deep croak!
The bog body points at you and mumbles some strange words.
The bolt of cold hits you!!!
You feel a terrible chill!
Ouch! That really hurt!
You die...
Your body crumbles into a pile of gold.

........ .....
....###......###.# .....
#..P##............ .....#
#...#.#...........
....#.##..#n#............
................^........
.........................
.........................
........@................
##....###.#..............
#..# ###.............. #.
##.............
###.............
#...............
##..............
###............. #
#...............


You could see a bog body.

Vanquished Creatures
  Gastronok (D:8)
  A hydra (Lair:1)
  An ice dragon (Lair:1)
  3 death yaks (D:10)
  A two-headed ogre (D:11)
  2 orc knights (Bailey)
  An ugly thing (D:11)
  Pikel (D:4)
  A manticore (D:11)
  A cyclops (D:11)
  Joseph (D:8)
  3 black mambas (Lair:2)
  Maurice (D:8)
  An unseen horror (D:11)
  2 cane toads
  A gargoyle (D:11)
  2 kobold demonologists (D:11)
  3 komodo dragons
  A polar bear (Lair:2)
  4 dream sheep (Lair:4)
  A meliai zombie (D:10)
  2 shadows
  3 wraiths
  2 wyverns (D:9)
  10 yaks
  8 vampire mosquitoes
  3 steam dragons
  Edmund (D:6)
  2 acid dragons
  14 water moccasins
  7 orc warriors
  3 ice beasts
  A sky beast (D:8)
  A black bear (D:6)
  2 centaurs (D:9)
  2 ogres
  A necrophage (D:7)
  3 phantoms
  7 bullfrogs
  2 scorpions (D:6)
  A wyvern zombie (D:5)
  A water moccasin zombie (D:6)
  2 water moccasin skeletons (D:5)
  2 troll zombies (D:11)
  2 electric eels
  4 howler monkeys
  5 centaur zombies
  2 bullfrog zombies
  2 gnoll shamans
  3 hounds
  11 orc priests
  A centaur skeleton (D:4)
  A jelly (D:7)
  Crazy Yiuf (D:5)
  Jessica (D:3)
  Natasha (twice) (D:4)
  4 iguanas
  10 orc wizards
  A hell rat (D:10)
  A killer bee zombie (D:6)
  6 ogre zombies (D:11)
  A howler monkey zombie (D:10)
  10 gnolls
  10 adders
  2 shadow imps
  2 white imps
  A worm (D:5)
  2 dart slugs
  34 orcs
  A ball python (D:4)
  6 bats
  5 endoplasms
  3 giant cockroaches
  9 hobgoblins
  16 jackals
  18 kobolds
  4 quokkas
  A frilled lizard (D:1)
  7 goblins
  A goblin skeleton (D:11)
  A goblin zombie (D:11)
  3 hobgoblin skeletons (D:11)
  3 hobgoblin zombies (D:11)
  2 orc skeletons (D:11)
  15 orc zombies (D:11)
  7 rats
334 creatures vanquished.

Vanquished Creatures (others)
  832 foxfires
  A fungus (Lair:1)
  38 plants
871 creatures vanquished.

Grand Total: 1205 creatures vanquished

Notes
Turn   | Place    | Note
-------+----------+-------------------------------------------
     0 | D:1      | robertstho the Djinni Fire Elementalist began the quest for
                  | the Orb.
     0 | D:1      | Reached XP level 1. HP: 15/15 MP: 0/0
   130 | D:1      | Reached XP level 2. HP: 7/21 MP: 0/0
   547 | D:1      | Reached skill level 3 in Spellcasting
   846 | D:1      | Reached XP level 3. HP: 23/25 MP: 0/0
   846 | D:1      | Learned a level 1 spell: Freeze
  2331 | D:2      | Reached XP level 4. HP: 26/31 MP: 0/0
  2923 | D:3      | Found a faded altar of an unknown god.
  3538 | D:3      | Noticed Jessica
  3543 | D:3      | Killed Jessica
  3544 | D:3      | Reached skill level 4 in Spellcasting
  3544 | D:3      | Reached XP level 5. HP: 15/35 MP: 0/0
  3544 | D:3      | Learned a level 2 spell: Searing Ray
  3915 | D:3      | Reached XP level 6. HP: 32/40 MP: 0/0
  4335 | D:4      | Reached skill level 5 in Spellcasting
  4376 | D:4      | Found a glowing golden altar of the Shining One.
  4640 | D:4      | Reached XP level 7. HP: 38/45 MP: 0/0
  4640 | D:4      | Learned a level 3 spell: Stone Arrow
  4690 | D:4      | Noticed Pikel
  4708 | D:4      | Killed Pikel
  4709 | D:4      | Reached skill level 6 in Spellcasting
  4709 | D:4      | Reached XP level 8. HP: 17/51 MP: 0/0
  5216 | D:4      | Reached skill level 1 in Fighting
  5472 | D:4      | Noticed Natasha
  5477 | D:4      | Killed Natasha
  5752 | D:4      | Noticed Natasha
  5756 | D:4      | Killed Natasha
  5785 | D:4      | Reached skill level 7 in Spellcasting
  5809 | D:5      | Entered Level 5 of the Dungeon
  6691 | D:5      | Reached XP level 9. HP: 54/58 MP: 0/0
  6691 | D:5      | Learned a level 3 spell: Mephitic Cloud
  6758 | D:5      | Found a staircase to the Ecumenical Temple.
  6777 | Temple   | Entered the Ecumenical Temple
  6808 | Temple   | Became a worshipper of Gozag Ym Sagoz the Greedy
  6836 | D:5      | Reached skill level 8 in Spellcasting
  6954 | D:5      | Found a runed translucent door.
  6955 | D:5      | Noticed Crazy Yiuf
  7173 | D:5      | Killed Crazy Yiuf
  7277 | D:6      | Noticed Edmund
  7292 | D:6      | Killed Edmund
  7710 | D:6      | Reached skill level 9 in Spellcasting
  8201 | D:6      | Found Xurumpol's Lightly-Used Armoury.
  8471 | D:7      | Found a hide-covered altar of Uskayaw.
  8702 | D:7      | Found a bloodstained altar of Trog.
  8713 | D:7      | Reached XP level 10. HP: 58/64 MP: 0/0
  8858 | D:7      | Found a shadowy altar of Dithmenos.
  9535 | D:8      | Noticed Gastronok
  9547 | D:8      | Reached skill level 10 in Spellcasting
  9548 | D:8      | Killed Gastronok
  9812 | D:8      | Reached skill level 11 in Spellcasting
  9970 | D:8      | Noticed Maurice
  9989 | D:8      | Killed Maurice
 10311 | D:8      | Noticed Joseph
 10318 | D:8      | Killed Joseph
 10319 | D:8      | Reached XP level 11. HP: 48/68 MP: 0/0
 10319 | D:8      | Learned a level 4 spell: Cause Fear
 10556 | D:8      | Found a sacrificial altar of Ru.
 10775 | D:8      | Found a blossoming altar of Fedhas.
 10804 | D:8      | Found a snail-covered altar of Cheibriados.
 11092 | D:9      | Found a flagged portal.
 11101 | Bailey   | Entered a bailey
 11253 | Bailey   | Noticed an orc knight
 11257 | Bailey   | Killed an orc knight
 11264 | Bailey   | Noticed an orc knight
 11265 | Bailey   | Reached skill level 12 in Spellcasting
 11562 | Bailey   | Killed an orc knight
 11749 | Bailey   | Found a bloodstained altar of Trog.
 12712 | D:10     | Entered Level 10 of the Dungeon
 13225 | D:10     | Identified the amulet "Totebave" {*Slow Regen+ Str+7 Dex+4}
 13317 | D:10     | Found Osimaant's Distillery.
 13432 | D:10     | Noticed a death yak
 13433 | D:10     | Noticed a death yak
 13444 | D:10     | Noticed a death yak
 13469 | D:10     | Killed a death yak
 13470 | D:10     | Reached skill level 1 in Short Blades
 13479 | D:10     | Killed a death yak
 13503 | D:10     | Reached XP level 12. HP: 57/76 MP: 0/0
 13557 | D:10     | Killed a death yak
 13558 | D:10     | Reached skill level 13 in Spellcasting
 13566 | D:10     | Found a staircase to the Lair.
 13980 | D:11     | Noticed a sun demon
 13993 | D:11     | Noticed a two-headed ogre
 13996 | D:11     | Killed a two-headed ogre
 13998 | D:11     | Reached skill level 5 in Dodging
 14497 | D:11     | Found a staircase to the Orcish Mines.
 14639 | D:11     | Found Gocvouro's Serpentskin Sales.
 14647 | D:11     | Reached skill level 14 in Spellcasting
 14763 | Lair:1   | Entered Level 1 of the Lair of Beasts
 14956 | Lair:1   | Found a dark tunnel.
 14965 | Volcano  | Entered a volcano
 15106 | Lair:1   | Noticed an eight-headed hydra
 15119 | Lair:1   | Killed an eight-headed hydra
 15359 | Lair:1   | Reached XP level 13. HP: 66/80 MP: 0/0
 15359 | Lair:1   | Learned a level 5 spell: Lightning Bolt
 15591 | Lair:1   | Noticed an ice dragon
 15601 | Lair:1   | Killed an ice dragon
 15810 | Lair:1   | Bought a fading war axe for 246 gold pieces
 15810 | Lair:1   | Identified the +6 war axe of Okawaru's Pride {speed, rPois
                  | Int+2 Stlth+} (You bought it in a shop on level 1 of the
                  | Lair of Beasts)
 15813 | Lair:1   | Bought a fizzy ruby potion for 29 gold pieces
 15813 | Lair:1   | Bought a scroll of identify for 66 gold pieces
 15813 | Lair:1   | Bought a potion of curing for 99 gold pieces
 15813 | Lair:1   | Bought a shimmering halberd for 297 gold pieces
 15813 | Lair:1   | Identified the +0 halberd of Liobled {vorpal, Int+6} (You
                  | bought it in a shop on level 1 of the Lair of Beasts)
 15886 | Lair:2   | You are sucked into a shaft and drop 2 floors!
 15948 | Lair:4   | Reached skill level 15 in Spellcasting
 16035 | Lair:4   | Killed from afar by a bog body

Illustrated notes

Levels and vault maps discovered:
D:1:      enne_arrival_octagon_isle, layout_loops_corners
D:2:      layout_basic
D:3:      layout_rooms, hellmonk_ecumenical_altar_lost_god, uniq_jessica
D:4:      layout_basic, tso_metal_star, uniq_natasha, uniq_pikel
D:5:      layout_basic, minmay_temple_entry_arrows, uniq_crazy_yiuf_cottage
D:6:      layout_rooms, minmay_shop_damaged, uniq_edmund
D:7:      layout_gridville, mainiacjoe_overflow_catwalk_spiral,
          nicolae_uskayaw_murder_on_the_dancefloor, vehumet_altar_wand_db,
          serial_rivers, chequers_serial_rivers_room_b,
          chequers_serial_rivers_small_b, chequers_serial_rivers_micro_c,
          chequers_serial_rivers_micro_a, minmay_crossroads
D:8:      layout_cave_pools, lemuel_round_altar, general_overflow_altar,
          fedhas_altar_1, uniq_gastronok, uniq_joseph, uniq_maurice
D:9:      layout_basic, enter_bailey_8, kennysheep_generic_room_4
D:10:     layout_roguey, dpeg_lair_monsters, serial_shops, shop,
          water_maze_lemuel
D:11:     layout_rooms, zombieorc2_lemuel, guppyfry_shop_venom
Temple:   jpeg_temple_clearing
Lair:1:   dragon1_lemuel, layout_concentric_octagons,
          lightli_volcano_entry_magma_tube, chequers_serial_rivers_room_b,
          serial_bayou_shore_a, grunt_megastairs_3
Lair:2:   layout_big_grid, minmay_snake_entry_six_corridors, beast_lair_carwin_6
Lair:4:   regret_index_wax_grids, layout_regular_city,
          skrybe_swamp_entry_bodies, chequers_serial_rivers_large_a

Skill      XL: |  1  2  3  4  5  6  7  8  9 10 11 12 13 |
---------------+----------------------------------------+-----
Spellcasting   | 3 4 5 6 7 9 11 12 14 15 | 15.2
Stealth        | 2 3 4 |  4.5
Dodging        | 3 4 5 |  5.2
Fighting       | 1 2 |  2.6
Short Blades   | 1 |  1.8

Action                   |  1- 3 |  4- 6 |  7- 9 | 10-12 | 13-15 || total
-------------------------+-------+-------+-------+-------+-------++-------
Melee: Dagger            |     9 |     9 |    20 |    38 |       ||    76
 Cast: Foxfire           |    82 |   110 |   208 |   102 |       ||   502
       Sticky Flame      |       |     1 |    15 |    29 |     2 ||    47
       Fireball          |       |       |     4 |   187 |    50 ||   241
       Mephitic Cloud    |       |       |     2 |    20 |       ||    22
       Cause Fear        |       |       |       |     3 |       ||     3
       Stone Arrow       |       |       |       |     1 |       ||     1
Invok: Call Merchant     |       |       |       |       |     2 ||     2
Evoke: Wand              |       |       |       |       |     1 ||     1
  Use: Scroll            |       |     6 |     2 |     9 |     2 ||    19
       Potion            |       |     1 |       |     2 |     2 ||     5
 Stab: Confused          |       |       |     1 |       |       ||     1
Armor: Robe              |     8 |    11 |    14 |    28 |     4 ||    65
Dodge: Dodged            |    18 |    27 |    36 |    65 |     2 ||   148
